 Dungeon Crawl Stone Soup version 0.29.1-12-g30fa7ad0bf (webtiles) character file.

Game seed: 9006788607373324704

471 croobank the Conjurer (level 6, 0/47 HPs)
             Began as a Demonspawn Conjurer on Jan 14, 2023.
             Slain by a wyvern zombie (11 damage)
             ... in an ossuary.
             The game lasted 00:24:47 (3995 turns).

croobank the Conjurer (Demonspawn Conjurer)         Turns: 3995, Time: 00:24:48

Health: 0/47       AC:  3    Str:  8    XL:     6   Next: 83%
Magic:  1/11       EV: 13    Int: 21    God:
Gold:   195        SH:  0    Dex: 17    Spells: 5/11 levels left

rFire   . . .      SeeInvis .   c - +0 short sword
rCold   . . .      Faith    .   (no shield)
rNeg    . . .      Spirit   .   a - +0 robe
rPois   .          Reflect  .   (helmet restricted)
rElec   .          Harm     .   (no cloak)
rCorr   .          Rampage  .   (no gloves)
Will    .....                   (no boots)
Stlth   +++.......              n - amulet of regeneration
HPRegen 0.95/turn               d - +6 ring of dexterity
MPRegen 0.12/turn               (no ring)

@: no status effects
A: horns 1, rugged brown scales 1
a: no special abilities


You were in an ossuary.
You visited 1 branch of the dungeon, and saw 4 of its levels.
You also visited: Ossuary.

You collected 195 gold pieces.

Inventory:

Hand Weapons
 b - a +2 trident of venom
 c - a +0 short sword (weapon)
 p - a +0 sling
Missiles
 o - 15 poisoned darts
Armour
 a - a +0 robe (worn)
Jewellery
 d - a +6 ring of dexterity (left hand)
 n - an amulet of regeneration (around neck)
Scrolls
 g - a scroll of enchant weapon {unknown}
 h - 4 scrolls of fear {unknown}
 j - a scroll of poison {unknown}
 k - a scroll of enchant armour {unknown}
 l - a scroll of teleportation {unknown}
 q - a scroll of noise {unknown}
 s - 2 scrolls of brand weapon {unknown}
 u - 2 scrolls of identify {unknown}
 v - a scroll of amnesia {unknown}
Potions
 e - a potion of lignification {unknown}
 i - a potion of flight {unknown}
 m - a potion of experience {unknown}
 r - a potion of might {unknown}
 t - a potion of brilliance {unknown}


   Skills:
 + Level 2.9 Fighting
 + Level 3.3 Dodging
 + Level 3.6 Stealth
 + Level 3.4 Spellcasting
 + Level 5.1 Conjurations


You had 5 spell levels left.
You knew the following spells:

 Your Spells              Type           Power      Damage    Failure   Level
a - Magic Dart            Conj           100%       1d8       1%          1
b - Searing Ray           Conj           50%        2d6       2%          2
c - Dazzling Flash        Conj/Hex       28%        N/A       13%         3

Your spell library contained the following spells:

 Spells                   Type           Power      Damage    Failure   Level
 Beastly Appendage        Tmut           6%         N/A       13%         1
 Slow                     Hex            12%        N/A       13%         1
 Wereblood                Tmut           3%         N/A       19%         2
 Confusing Touch          Hex            3%         N/A       36%         3
 Spider Form              Tmut/Pois      3%         N/A       36%         3
 Summon Guardian Golem    Hex/Summ       3%         N/A       36%         3
 Vampiric Draining        Necr           3%         2d6       36%         3
 Fulminant Prism          Conj/Hex       7%         3d7       41%         4
 Iskenderun's Mystic Bla  Conj/Tloc      14%        2d5       41%         4
 Yara's Violent Unravell  Hex/Tmut       1%         3d3       98%         5
 Enfeeble                 Hex            1%         N/A       100%        7
 Orb of Destruction       Conj           12%        9d7       100%        7
 Spellforged Servitor     Conj/Summ      7%         N/A       100%        7


Dungeon Overview and Level Annotations

Branches:
Dungeon (4/15)            Ossuary (1/1)
 Temple: D:4-7

Altars:

Shops:
D:3 (


Innate Abilities, Weirdness & Mutations

You have a pair of small horns on your head.
You are partially covered in rugged brown scales. (AC +1, +3% HP)


Message History

You hit the wyvern zombie but do no damage.
The wyvern zombie is heavily damaged.
The wyvern zombie bites you but does no damage.
You feel much better. The wyvern zombie bites you!
The wyvern zombie barely misses you.
Unknown command.
Casting: Searing Ray (safe; 2% risk of failure)
Confirm with . or Enter, or press ? or * to list all spells.
Aiming: Searing Ray (safe; 2% risk of failure)
Press: ? - help, Shift-Dir - straight line, f - wyvern zombie
Aim: a wyvern zombie (heavily damaged, 93% to hit)
The searing ray hits the wyvern zombie.
The wyvern zombie is heavily damaged. (Press . to maintain the ray.)
The wyvern zombie barely misses you.
The searing ray hits the wyvern zombie.
The wyvern zombie is heavily damaged.
The wyvern zombie closely misses you.
Without enough magic to sustain it, your searing ray dissipates.
The wyvern zombie bites you! The wyvern zombie barely misses you.
You hit the wyvern zombie. You headbutt the wyvern zombie.
The wyvern zombie is severely damaged.
The wyvern zombie misses you.
You hit the wyvern zombie but do no damage.
You headbutt the wyvern zombie.
The wyvern zombie is severely damaged.
The wyvern zombie bites you!
* * * LOW HITPOINT WARNING * * *
You barely miss the wyvern zombie.
The wyvern zombie is severely damaged.
The wyvern zombie bites you.
* * * LOW HITPOINT WARNING * * *
The wyvern zombie closely misses you.
You hit the wyvern zombie.
The wyvern zombie is severely damaged.
The wyvern zombie barely misses you.
You hit the wyvern zombie. Your headbutt misses the wyvern zombie.
The wyvern zombie is severely damaged.
The wyvern zombie bites you!
You die...

+# ~+
#####~#
#...#.+
#.∩.Z.#
#∩.@#.+
#####.#
.+ .#
.' .#


Z+ You could see a wyvern zombie.

Vanquished Creatures
  A scorpion (D:4)
  A wyvern zombie (Ossuary)
  A centaur zombie (Ossuary)
  2 bullfrog zombies (Ossuary)
  An orc priest (D:3)
  3 iguanas
  4 mummies
  3 adders
  3 worms (D:3)
  A dart slug (D:2)
  5 orcs
  3 bats
  An endoplasm (D:4)
  2 giant cockroaches
  5 hobgoblins
  7 kobolds
  3 quokkas
  3 ball pythons
  6 frilled lizards
  10 goblins
  A kobold zombie (D:4)
  An orc zombie (D:4)
  4 rats
71 creatures vanquished.

Vanquished Creatures (others)
  7 withered plants (Ossuary)
7 creatures vanquished.

Grand Total: 78 creatures vanquished

Notes
Turn   | Place    | Note
-------+----------+-------------------------------------------
     0 | D:1      | croobank the Demonspawn Conjurer began the quest for the
                  | Orb.
     0 | D:1      | Reached XP level 1. HP: 13/13 MP: 3/3
   526 | D:1      | Gained mutation: You have a pair of small horns on your
                  | head. [demonic ancestry]
   526 | D:1      | Reached XP level 2. HP: 19/19 MP: 0/5
   682 | D:1      | Learned a level 2 spell: Searing Ray
  1005 | D:1      | Found a faded altar of an unknown god.
  1582 | D:2      | Reached XP level 3. HP: 25/25 MP: 2/6
  1700 | D:2      | Learned a level 3 spell: Dazzling Flash
  1958 | D:2      | Reached skill level 1 in Fighting
  2723 | D:3      | Found Areys's Antique Weapon Boutique.
  2944 | D:3      | Reached XP level 4. HP: 24/32 MP: 3/7
  3130 | D:3      | Gained mutation: You are partially covered in rugged brown
                  | scales. (AC +1, +3% HP) [demonic ancestry]
  3130 | D:3      | Reached XP level 5. HP: 21/39 MP: 1/9
  3635 | D:4      | Reached XP level 6. HP: 46/46 MP: 5/10
  3671 | D:4      | Found a sand-covered staircase.
  3681 | Ossuary  | Entered an ossuary
  3792 | Ossuary  | Reached skill level 5 in Conjurations
  3995 | Ossuary  | Slain by a wyvern zombie

Illustrated notes

Levels and vault maps discovered:
D:1:      nzn_arrival_water_spiral, layout_loops_corners,
          hellmonk_ecumenical_altar_run_dry, glass_columns_b, corner_web_ring
D:2:      layout_loops_ring
D:3:      layout_loops_cross, serial_shops, shop_statue, hex_tiny
D:4:      layout_cave_pools, eat_drink_and_be_merry_uskayaw,
          nicolae_ossuary_entry_giza, uniq_edmund
Ossuary:  ossuary_zaba_flooded

Skill      XL: |  1  2  3  4  5  6 |
---------------+-------------------+-----
Dodging        | 2 3 |  3.3
Stealth        | 2 3 |  3.6
Fighting       | 1 2 |  2.9
Spellcasting   | 3 |  3.4
Conjurations   | 5 |  5.1

Action                   |  1- 3 |  4- 6 || total
-------------------------+-------+-------++-------
Melee: Short sword       |    32 |    46 ||    78
       Headbutt          |     3 |    26 ||    29
       Trident           |       |    54 ||    54
 Cast: Magic Dart        |    21 |     8 ||    29
       Searing Ray       |    18 |    17 ||    35
       Dazzling Flash    |     1 |       ||     1
  Use: Potion            |       |     4 ||     4
 Stab: Sleeping          |     8 |     3 ||    11
Armor: Robe              |     8 |    18 ||    26
Dodge: Dodged            |    20 |    83 ||   103
